 Dungeon Crawl Stone Soup version 0.20.1-1-g8b1a95d66d (webtiles) character file.

549 MondaySad the Cleaver (level 7, 0/57 HPs)
             Began as a Hill Orc Monk on Dec 15, 2017.
             Slain by Pikel
             ... wielding a +0 whip of freezing
              (2 damage)
             ... on level 4 of the Dungeon.
             The game lasted 00:05:02 (3986 turns).

MondaySad the Cleaver (Hill Orc Monk)               Turns: 3986, Time: 00:05:03

Health: 0/57       AC:  6    Str: 16    XL:     7   Next: 28%
Magic:  16/16      EV: 10    Int: 10    God:
Gold:   230        SH:  0    Dex: 13    Spells: 6/6 levels left

rFire    . . .     SeeInvis +   a - +1 hand axe
rCold    . . .     Gourm    .   (no shield)
rNeg     . . .     Faith    .   f - +0 scale mail
rPois    .         Spirit   .   (no helmet)
rElec    .         Reflect  .   (no cloak)
rCorr    .         Harm     .   (no gloves)
MR       .....                  (no boots)
Stlth    ..........             (no amulet)
Regen    0.2/turn               i - ring of magical power
MPRegen  0.2/turn               t - ring of see invisible

@: no status effects
A: no striking features
a: no special abilities


You were on level 4 of the Dungeon.
You were not hungry.

You visited 1 branch of the dungeon, and saw 4 of its levels.

You collected 230 gold pieces.

Inventory:

Hand Weapons
 a - a +1 hand axe (weapon)
 A - the +7 Singing Sword
   (You found it on level 4 of the Dungeon)
Missiles
 C - 2 javelins of penetration (quivered)
Armour
 b - a +0 robe
 f - a +0 scale mail (worn)
Jewellery
 i - a ring of magical power (left hand)
 t - a ring of see invisible (right hand)
 u - an uncursed ring of fire {unknown}
Wands
 r - a wand of digging (19/24)
 y - a wand of flame (23/48)
Scrolls
 d - 2 scrolls of amnesia {unknown}
 g - a scroll of fog
 h - 2 scrolls of remove curse
 k - a scroll of blinking {unknown}
 l - a scroll of enchant weapon
 m - a scroll of recharging
 n - a scroll of teleportation
 o - a scroll of fear {unknown}
 p - 2 scrolls of noise {unknown}
 q - a scroll of magic mapping {unknown}
 s - 6 scrolls of identify {unknown}
Potions
 e - a potion of heal wounds {unknown}
 w - 3 potions of curing {unknown}
 x - a potion of mutation {unknown}
 z - a potion of brilliance {unknown}
 D - a potion of ambrosia {unknown}
Books
 v - a book of Maledictions

   Spells                             Type                      Level
   a - Corona                         Hexes                        1
   b - Ensorcelled Hibernation        Hexes/Ice                    2
   c - Confuse                        Hexes                        3
   d - Tukima's Dance                 Hexes                        3
   e - Dazzling Spray                 Conjuration/Hexes            3
Comestibles
 c - 5 bread rations
 j - 4 meat rations
 B - 3 chunks of flesh


   Skills:
 - Level 3.6 Fighting
 + Level 10.5 Axes
 - Level 2.4 Dodging
 - Level 1.5 Stealth


You had 6 spell levels left.
You didn't know any spells.

Dungeon Overview and Level Annotations

Branches:
Dungeon (4/15)
 Temple: D:4-7

Altars:
Gozag
Trog
Xom

Annotations:
D:4 Pikel


Message History

You barely miss the slave. Pikel hits you but does no damage.
The slave hits you but does no damage.
You hit Pikel.
Pikel is heavily wounded.
You hit the slave. You hit Pikel but do no damage.
Pikel is heavily wounded.
You hit the slave. You slash the slave! Pikel hits you with a whip of freezing.
* * * LOW HITPOINT WARNING * * *
Pikel freezes you.
* * * LOW HITPOINT WARNING * * *
The slave hits you but does no damage. The slave hits you.
* * * LOW HITPOINT WARNING * * *
You barely miss Pikel.
Pikel is heavily wounded.
You hit the slave. You closely miss the slave.
Pikel hits you with a whip of freezing.
* * * LOW HITPOINT WARNING * * *
Pikel freezes you.
You die...

#(.......## .........##
#############
..........####............
..........##......>.......
.............#..........p.
..........#######..##...
..........# #p.##
#........## #K####
#........# #@p..#
......##.#### #.p......
#####.<...... .........
###.......##. ......#...
.......#.....##.#.......
..........### #. .......
.......#.## .. ...#...
#.......<# .# ####$..
#................#


You could see Pikel and 3 slaves.

Vanquished Creatures
  Sigmund (D:3)
  A slave (D:4)
  An ogre (D:4)
  A hound (D:3)
  Natasha (thrice) (D:3)
  2 worker ants
  2 hound skeletons (D:4)
  5 adders
  2 oozes (D:3)
  A worm (D:2)
  A dart slug (D:2)
  4 leopard geckos
  An orc (D:3)
  2 ball pythons
  6 giant cockroaches
  6 goblins
  4 hobgoblins
  5 jackals
  5 kobolds
  2 quokkas
  10 bats
  5 frilled lizards
  4 rats
74 creatures vanquished.

Notes
Turn   | Place    | Note
-------+----------+-------------------------------------------
     0 | D:1      | MondaySad the Hill Orc Monk began the quest for the Orb.
     0 | D:1      | Reached XP level 1. HP: 19/19 MP: 1/1
   178 | D:1      | Reached XP level 2. HP: 24/26 MP: 2/2
   218 | D:1      | Reached skill level 5 in Axes
   680 | D:2      | Reached XP level 3. HP: 29/31 MP: 3/3
   893 | D:2      | Found a basalt altar of Yredelemnul.
   895 | D:2      | Found an ancient bone altar of Kikubaaqudgha.
   895 | D:2      | Found a radiant altar of Vehumet.
   897 | D:2      | Found a shimmering altar of Xom.
   897 | D:2      | Found a bloodstained altar of Trog.
   897 | D:2      | Found a white marble altar of Elyvilon.
   970 | D:2      | Reached skill level 6 in Axes
  1753 | D:2      | Reached XP level 4. HP: 23/39 MP: 4/4
  2219 | D:3      | Noticed Sigmund
  2244 | D:3      | Killed Sigmund
  2244 | D:3      | Reached skill level 8 in Axes
  2244 | D:3      | Reached XP level 5. HP: 12/45 MP: 5/5
  2244 | D:3      | Reached XP level 6. HP: 14/51 MP: 6/6
  2553 | D:3      | Noticed Natasha
  2561 | D:3      | Killed Natasha
  2561 | D:3      | Reached skill level 9 in Axes
  2725 | D:3      | Noticed Natasha
  2734 | D:3      | Killed Natasha
  3127 | D:3      | Noticed Natasha
  3134 | D:3      | Killed Natasha
  3651 | D:4      | Reached skill level 10 in Axes
  3651 | D:4      | Reached XP level 7. HP: 41/57 MP: 7/7
  3677 | D:4      | Found an opulent altar of Gozag.
  3961 | D:4      | Noticed Pikel
  3986 | D:4      | HP: 2/57 [Pikel/whip of freezing (5)]
  3986 | D:4      | Slain by Pikel

Skill      XL: |  1  2  3  4  5  6 |
---------------+-------------------+-----
Axes           | 5 6 8 10 | 10.5
Fighting       | |  3.6
Dodging        | |  2.4
Stealth        | |  1.5

Action                   |  1- 3 |  4- 6 |  7- 9 || total
-------------------------+-------+-------+-------++-------
Melee: Hand axe          |   117 |   164 |    42 ||   323
  Use: Scroll            |       |       |     5 ||     5
  Eat: Chunk             |     3 |     6 |     1 ||    10
Armor: Scale mail        |    39 |    80 |    12 ||   131
       Robe              |     1 |       |       ||     1
Dodge: Dodged            |    62 |    97 |    10 ||   169
